Map: Heavy Artillery LE

Players

qqq - Winner!

  • Race: Zerg Zerg
  • Spawn Location: 7:00

Massa - Winner!

  • Race: Terran Terran
  • League: Platinum
  • Spawn Location: 7:00

МЕДВЕДЬ

  • Race: Terran Terran
  • League: Diamond
  • Spawn Location: 1:00

Nicklan

  • Race: Protoss Protoss
  • Spawn Location: 3:00

VOD

Have the link to the VOD?

Description

Time

  • Played on: March 6, 2021, 9:55 a.m.
  • Length: 6:21
Show
View Real Time Build Order
Export as new Build Order

qqq Zerg - Winner!

Build Orders: Hatch First 

Get SALT Encoding   

  12  0:01  Drone  
  13  0:13  Drone  
  14  0:18  Overlord  
  14  0:44  Hatchery  
  13  0:51  Drone  
  13  0:53  Drone  
  15  0:59  Drone  
  16  1:07  Drone  
  17  1:22  Spawning Pool  
  17  1:23  Extractor  
  17  1:24  Drone  
  16  1:34  Drone  
  17  1:40  Drone  
  18  1:48  Drone  
  19  2:03  Drone x2  
  21  2:12  Queen  
  21  2:13  Queen  
  21  2:15  Drone  
  25  2:21  Overlord  
  25  2:26  Drone x2  
  25  2:29  Metabolic Boost  
  27  2:36  Drone  
  28  2:39  Drone  
  29  2:47  Zergling x2  
  29  2:48  Zergling x2  
  31  2:52  Zergling x2  
  31  2:53  Overlord  
  32  3:00  Zergling x2  
  32  3:03  Zergling x2  
  34  3:10  Evolution Chamber  
  34  3:11  Zergling x2  
  34  3:13  Zergling x2  
  35  3:21  Zergling x2  
  35  3:24  Zergling x2  
  35  3:25  Zergling x2, Overlord  
  35  3:26  Zergling x6  
  41  3:30  Drone  
  42  3:38  Zergling x2  
  43  3:43  Drone  
  44  3:49  Zerg Melee Weapons Level 1  
  44  3:52  Drone  
  44  3:53  Zergling x2  
  46  3:56  Hatchery  
  46  3:57  Zergling x2  
  46  4:00  Zergling x2  
  46  4:01  Zergling x2  
  48  4:05  Zergling x2  
  48  4:06  Zergling x2  
  48  4:07  Drone  
  51  4:10  Zergling x2  
  51  4:16  Lair  
  52  4:25  Overlord x2  
  52  4:30  Overlord  
  52  4:35  Overlord  
  50  4:56  Zergling x12  
  41  5:10  Zergling x10  
  41  5:11  Zergling x2  
  43  5:15  Zergling x2  
  43  5:16  Drone, Zergling x2  
  43  5:20  Zergling x2  
  48  5:21  Drone, Zergling x2  
  48  5:40  Zergling x8  
  48  5:46  Zergling x2  
  48  5:47  Drone  
  49  6:03  Drone x2, Zergling x6  
  49  6:04  Zergling x2  
Show
View Real Time Build Order
Export as new Build Order

Massa Terran - Winner!

Build Orders: 2 Factory, Cyclone Opening 

Get SALT Encoding   

  12  0:00  SCV  
  13  0:12  SCV  
  14  0:24  SCV  
  14  0:25  Supply Depot  
  15  0:41  Refinery  
  15  0:47  SCV  
  15  0:48  Barracks  
  16  0:57  Refinery  
  16  0:59  SCV  
  17  1:11  SCV  
  18  1:23  SCV  
  19  1:26  Supply Depot  
  19  1:36  Factory  
  19  1:39  Barracks Tech Lab  
  19  1:45  Orbital Command  
  19  1:58  Reaper  
  20  2:11  SCV  
  21  2:23  SCV  
  22  2:30  Command Center  
  22  2:47  Barracks Tech Lab  
  22  2:51  Cyclone  
  25  2:58  SCV  
  25  3:02  Mag-Field Accelerator  
  25  3:04  Factory  
  26  3:11  SCV  
  27  3:19  Marine  
  28  3:23  SCV  
  28  3:25  Engineering Bay  
  29  3:31  Supply Depot  
  29  3:42  Cyclone  
  29  3:45  Orbital Command  
  32  3:51  Supply Depot  
  32  3:54  Barracks Tech Lab  
  32  3:56  Cyclone  
  32  4:00  SCV  
  36  4:07  Missile Turret  
  36  4:12  SCV  
  36  4:14  Cyclone  
  40  4:30  Cyclone  
  43  4:32  SCV x2  
  43  4:36  Missile Turret  
  45  4:59  Cyclone  
  45  5:02  Cyclone  
  48  5:31  Cyclone  
  48  5:34  Cyclone  
  48  5:48  SCV x2  
  50  6:00  SCV x2  
Show
View Real Time Build Order
Export as new Build Order

МЕДВЕДЬ Terran 

Build Orders: Reaper Expand 

Get SALT Encoding   

  12  0:01  SCV  
  13  0:13  SCV  
  14  0:22  Supply Depot  
  14  0:25  SCV  
  15  0:43  Refinery, SCV  
  15  0:45  Barracks  
  16  0:55  SCV  
  17  1:07  SCV  
  18  1:20  SCV  
  19  1:32  Orbital Command  
  19  1:33  Reaper  
  20  1:42  Command Center  
  20  1:56  Supply Depot  
  20  1:59  SCV  
  21  2:05  Marine  
  22  2:11  SCV  
  23  2:19  Factory  
  23  2:20  Refinery  
  23  2:23  SCV  
  23  2:24  Bunker, Marine  
  25  2:35  SCV  
  26  2:43  Marine  
  26  2:47  SCV  
  27  3:06  SCV  
  27  3:11  Bunker  
  27  3:12  Factory Tech Lab  
  28  3:13  Starport  
  28  3:22  SCV  
  28  3:24  Orbital Command  
  29  3:27  Bunker  
  29  3:34  SCV  
  29  3:35  Marine  
  29  3:40  Siege Tank  
  34  3:46  SCV  
  35  3:49  Supply Depot  
  35  3:51  Medivac  
  35  3:53  SCV, Marine  
  39  3:58  SCV  
  39  4:02  Supply Depot  
  40  4:06  SCV  
  40  4:07  Engineering Bay  
  41  4:10  SCV  
  41  4:12  Siege Tank  
  45  4:18  SCV, Marine  
  45  4:20  Medivac  
  45  4:22  SCV  
  50  4:25  Supply Depot  
  50  4:30  SCV  
  51  4:34  SCV  
  51  4:36  Marine  
  53  4:41  Missile Turret x2  
  53  4:42  SCV  
  53  4:44  Siege Tank  
  57  4:47  SCV  
  48  5:14  SCV x2  
  50  5:15  Medivac  
  50  5:20  Refinery  
  50  5:21  Refinery, Command Center  
  52  5:26  SCV x2  
  52  5:38  SCV x2  
  51  5:43  Siege Tank  
  54  5:50  SCV x2  
  56  6:02  SCV x2  
  58  6:08  Supply Depot x2  
Show
View Real Time Build Order
Export as new Build Order

Nicklan Protoss 

Build Orders:  

Get SALT Encoding   

  12  0:01  Probe  
  13  0:18  Probe  
  14  0:25  Pylon  
  14  0:40  Probe (Chrono Boost)  
  15  0:44  Gateway  
  16  0:51  Probe (Chrono Boost)  
  16  0:55  Probe (Chrono Boost), Gateway  
  16  1:01  Assimilator  
  17  1:05  Assimilator  
  17  1:08  Probe  
  18  1:26  Probe  
  19  1:36  Cybernetics Core  
  19  1:38  Probe  
  20  1:41  Pylon  
  20  1:50  Probe  
  21  2:02  Pylon  
  21  2:09  Warp Gate (Chrono Boost)  
  21  2:13  Stalker x2  
  25  2:43  Nexus  
  25  2:53  Probe  
  26  3:05  Probe  
  26  3:06  Robotics Facility  
  27  3:20  Probe  
  27  3:22  Twilight Council  
  28  3:34  Gateway  
  28  3:36  Gateway  
  28  3:53  Stalker x2  
  32  3:58  Resonating Glaives (Chrono Boost)  
  32  4:05  Observer (Chrono Boost)  
  33  4:10  Probe  
  33  4:11  Probe  
  33  4:17  Adept  
  37  4:22  Probe  
  38  4:28  Warp Prism (Chrono Boost)  
  40  4:41  Probe x2  
  42  4:53  Probe x2  
  42  4:56  Adept x2  
  40  5:50  Pylon  
  40  5:57  Pylon  
  40  6:07  Pylon  
  40  6:08  Pylon  
Tags
 
Add a new tag
Caveats
  • Supply blocks, unpowered buildings, or Contaminate may cause inaccurate times.
  • Supply counts are checked every 10 seconds.